 Dungeon Sprint DCSS version 0.13.2 (webtiles) character file.

818 sanboga the Protected (level 7, -8/64 HPs)
             Began as a Minotaur Fighter on Dec 10, 2017.
             Mangled by a red devil
             ... wielding a +0,+0 trident
             ... summoned by a silver statue
              (11 damage)
             ... in the Dungeon (Sprint II: "The Violet Keep of Menkaure").
             The game lasted 00:02:15 (674 turns).

sanboga the Protected (Minotaur Fighter)             Turns: 674, Time: 00:02:15

HP  -8/64        AC  8     Str 22      XL: 7   Next:  8%
MP   2/2         EV  8     Int  5      God:
Gold 263         SH 24     Dex 10      Spells:  0 memorised,  6 levels left

Res.Fire  : . . .   See Invis. : .   a - +0 trident
Res.Cold  : . . .   Warding    : .   b - +0 scale mail (curse)
Life Prot.: . . .   Conserve   : .   c - +0 shield
Res.Poison: .       Res.Corr.  : .   (helmet restricted)
Res.Elec. : .       Clarity    : .   (no cloak)
Sust.Abil.: . .     Spirit.Shd : .   (no gloves)
Res.Mut.  : .       Prev.Telep.: +   (no boots)
Res.Rott. : .       Flight     : .   (no amulet)
Saprovore : . . .                    (no ring)
                                     (no ring)

@: mildly poisoned, very slightly contaminated, slightly resistant to hostile
enchantments, extremely unstealthy
A: retaliatory headbutt, horns 2
a: no special abilities


You were in the Dungeon.
You were not hungry.

You visited 1 branch You collected 243 gold pieces.

Inventory:

Hand weapons
 a - a +0,+0 trident (weapon)
Armour
 b - a cursed +0 scale mail (worn)
 c - a +0 shield (worn)
Comestibles
 d - a bread ration
Potions
 e - a potion of curing
 f - a potion of heal wounds
 g - a potion of speed
 h - 2 potions of magic


   Skills:
 + Level 9.9 Fighting
 + Level 7.7 Polearms
 + Level 10.3 Armour
 + Level 2.6 Dodging
 + Level 1.0 Stealth
 + Level 10.0 Shields


You had 6 spell levels left.
You didn't know any spells.

Dungeon Overview and Level Annotations

Branches:
Dungeon (1/1)

Altars:

Shops:
D +=%/(((+[?!?![=[

Annotations:
D exclusion: oklob plant


Innate Abilities, Weirdness & Mutations

You reflexively headbutt those who attack you in melee.
You have a pair of horns on your head.


Message History

Found 81 gold pieces.
Found Oreck's Book Shoppe.
There is a fountain of clear blue water here.
Found a potion of curing and 81 gold pieces.
* * * LOW HITPOINT WARNING * * *
You feel sick.
The spiny frog gives a loud, deep croak!
Found three items.
Found a scroll labeled BUFAUKLO SYRA.
* * * LOW HITPOINT WARNING * * *
You feel sick.
You feel a little better.
The flying skull gives a hideous shriek!
You block the orange demon's attack.
* * * LOW HITPOINT WARNING * * *
You feel sick. You block the orange demon's attack.
You block the red devil's attack.
* * * LOW HITPOINT WARNING * * *
You feel sick. You block the orange demon's attack.
The red devil hits you from afar with a trident!
You die...

###########≈≈≈........
##....∩.∩.#≈≈≈≈.##'##.
##...∩.∩..#≈≈≈≈###..##
##..∩.∩...#≈≈≈≈#.##..#
##.⌠.∩....#≈≈####.#.##
##..∩.∩...#≈## ##'##
##...44∩..#≈# #<#
##....∩.∩.'≈+ +.<.+
##...@.∩.5#4# ##<##
###########≈## #+#
##?[F######5≈### #
#[.F#h. ##≈≈≈# #
#∩P(+.$#+ #+#≈## ##
#!$.#?##z #≈≈##+##≈
#?.?###z§ ##455≈≈≈≈
##+###§§ #§4'#+++ #
#.54.§..


You could see a hell hog, an oklob plant, an orange demon, an iron devil, 2
spiny frogs, a red devil, a crimson imp and a shadow imp.

Vanquished Creatures
  A baby alligator (D)
  Menkaure (D)
  A crocodile (D)
  3 agate snails (D)
6 creatures vanquished.

Vanquished Creatures (others)
  An ufetubus (D)
1 creature vanquished.

Grand Total: 7 creatures vanquished

Notes
Turn   | Place    | Note
--------------------------------------------------------------
     0 | D        | sanboga, the Minotaur Fighter, began the quest for the Orb.
     0 | D        | Reached XP level 1. HP: 19/19 MP: 0/0
     0 | D        | Noticed an agate snail
     0 | D        | Noticed an agate snail
     0 | D        | Noticed an agate snail
    16 | D        | Killed an agate snail
    16 | D        | Reached skill level 6 in Fighting
    16 | D        | Reached XP level 2. HP: 27/27 MP: 0/0
    16 | D        | Reached XP level 3. HP: 34/34 MP: 1/1
    30 | D        | Killed an agate snail
    30 | D        | Reached skill level 7 in Fighting
    30 | D        | Reached XP level 4. HP: 30/41 MP: 1/1
    80 | D        | Killed an agate snail
    80 | D        | Reached skill level 8 in Armour
    80 | D        | Reached XP level 5. HP: 15/48 MP: 1/1
   286 | D        | Noticed an ice statue
   288 | D        | Noticed Menkaure
   294 | D        | Killed Menkaure
   294 | D        | Reached skill level 5 in Polearms
   294 | D        | Reached skill level 9 in Armour
   294 | D        | Reached skill level 1 in Dodging
   294 | D        | Reached XP level 6. HP: 53/57 MP: 2/2
   295 | D        | Found Xuesmot's Antique Armour Shop.
   297 | D        | Found Noepn's Distillery.
   298 | D        | Found Vywk's Antique Weapon Boutique.
   299 | D        | Found Rali's Magical Wand Boutique.
   299 | D        | Found Xamoits' Book Shop.
   299 | D        | Found Juisch's Antique Armour Boutique.
   299 | D        | Found Ebit's Magic Scroll Shop.
   299 | D        | Found Blanlapt's Jewellery Boutique.
   299 | D        | Found Throobro's Armour Shop.
   300 | D        | Found Shrugig's Antique Weapon Shop.
   301 | D        | Found Shaome's Jewellery Boutique.
   301 | D        | Found Pload's Antique Weapon Boutique.
   301 | D        | Found Fuzav's Magic Scroll Shop.
   301 | D        | Found Thuanemu's Distillery.
   302 | D        | Found Afapnif's Food Shop.
   320 | D        | Noticed a silver statue
   322 | D        | Noticed a crocodile
   328 | D        | Killed a crocodile
   328 | D        | Reached skill level 1 in Stealth
   330 | D        | Noticed a baby alligator
   349 | D        | Killed a baby alligator
   349 | D        | Reached skill level 10 in Armour
   349 | D        | Reached skill level 10 in Shields
   349 | D        | Reached XP level 7. HP: 7/64 MP: 2/2
   646 | D        | Noticed an iron devil
   650 | D        | Noticed a red devil
   651 | D        | Noticed an orange demon
   666 | D        | Found Oreck's Book Shoppe.
   666 | D        | Noticed an oklob plant
   668 | D        | Noticed a hell hog
   669 | D        | Noticed a spiny frog
   669 | D        | Noticed a spiny frog
   670 | D        | Noticed a hell hog
   672 | D        | Noticed a flying skull
   672 | D        | Noticed a flying skull
   674 | D        | HP: 3/64 [poisoned by an orange demon]
   674 | D        | Mangled by a red devil

Action                   |  1- 3 |  4- 6 |  7- 9 || total
-------------------------+-------+-------+-------++-------
Melee: Trident           |    24 |    77 |    11 ||   112
  Use: Potion            |     1 |       |       ||     1
       Scroll            |       |       |     1 ||     1
